Get step-by-step instructions on how to execute this build order below. Start the game timer, and the build order will tick by so you can play in parallel with StarCraft on a second screen or mobile device.

Game Time

  0:00

Last Step

  N/A

Next Step

Upcoming Step



Don't want to look back and forth between 2 screens? Try out our Overwolf App, the Spawning Tool Build Advisor to get an in-game overlay with this build!

Complete Build Order

  12  0:00  Probe  
  13  0:12  Probe  
  14  0:18  Pylon  
  14  0:24  Probe  
  15  0:36  Probe (Chrono Boost)  
  15  0:37  Gateway  
  16  0:45  Probe (Chrono Boost)  
  16  0:46  Assimilator  
  17  0:50  Probe (Chrono Boost)  
  18  1:03  Probe  
  19  1:15  Probe  
  20  1:24  Cybernetics Core  
  20  1:34  Nexus  
  20  1:38  Probe  
  21  1:45  Pylon  
  21  1:50  Probe  
  21  1:53  Assimilator  
  22  2:00  Adept (Chrono Boost)  
  22  2:02  Probe  
  25  2:14  Probe  
  26  2:20  Adept (Chrono Boost)  
  26  2:27  Probe  
  29  2:30  Stargate  
  29  2:39  Warp Gate  
  29  2:41  Probe (Chrono Boost)  
  30  2:45  Adept  
  30  2:46  Probe (Chrono Boost)  
  34  2:55  Probe (Chrono Boost)  
  34  2:56  Probe (Chrono Boost)  
  35  3:00  Probe (Chrono Boost)  
  35  3:03  Probe  
  37  3:12  Probe, Phoenix (Chrono Boost)  
  38  3:15  Probe  
  38  3:17  Pylon  
  41  3:24  Probe  
  42  3:27  Probe  
  42  3:28  Phoenix (Chrono Boost)  
  45  3:37  Probe  
  45  3:39  Gateway, Probe  
  47  3:49  Probe  
  47  3:51  Probe  
  47  3:52  Phoenix (Chrono Boost)  
  51  4:01  Gateway, Probe  
  52  4:03  Probe  
  52  4:04  Robotics Facility  
  52  4:09  Shield Battery  
  53  4:13  Probe  
  54  4:17  Pylon  
  54  4:18  Pylon  
  54  4:20  Assimilator  
  54  4:26  Assimilator  
  54  4:34  Nexus  
  54  4:35  Probe x2  
  54  4:38  Phoenix (Chrono Boost)  
  58  4:47  Probe x2  
  60  4:53  Observer  
  60  4:57  Robotics Bay  
  60  4:58  Pylon  
  60  4:59  Probe x2  
  63  5:03  Phoenix (Chrono Boost)  
  65  5:11  Probe x2  
  63  5:21  Phoenix  
  65  5:23  Probe x2  
  65  5:26  Adept  
  69  5:30  Observer (Chrono Boost)  
  69  5:35  Probe x2  
  70  5:47  Probe (Chrono Boost)  
  70  5:48  Colossus (Chrono Boost), Probe (Chrono Boost)  
  73  5:50  Probe (Chrono Boost)  
  79  6:00  Probe x2 (Chrono Boost)  
  79  6:01  Phoenix  
  79  6:04  Probe (Chrono Boost)  
  84  6:05  Probe x2 (Chrono Boost)  
  84  6:08  Forge  
  84  6:10  Gateway  
  86  6:11  Probe  
  86  6:12  Gateway  
  86  6:14  Probe x2  
  89  6:20  Twilight Council  
  89  6:21  Assimilator  
  89  6:22  Sentry  
  89  6:23  Assimilator  
  89  6:24  Probe  
  89  6:25  Pylon  
  92  6:26  Probe  
  92  6:27  Pylon  
  92  6:29  Extended Thermal Lance (Chrono Boost)  
  93  6:36  Shield Battery  
  93  6:43  Probe x2  
  93  6:45  Charge (Chrono Boost)  
  95  6:48  Colossus (Chrono Boost)  
  95  6:51  Zealot x3  
  107  6:54  Pylon  
  107  6:55  Protoss Ground Weapons Level 1 (Chrono Boost)  
  107  7:12  Pylon  
  107  7:15  Gateway  
  107  7:17  Zealot  
  107  7:18  Zealot x2, Gateway  
  107  7:20  Gateway  
  113  7:38  Colossus (Chrono Boost)  
  113  7:40  Probe  
  113  7:42  Templar Archives  
  120  7:44  Probe  
  120  7:46  Nexus  
  120  7:50  Zealot x2  
  125  7:56  Pylon  
  125  7:57  Pylon x2  
  125  8:08  Templar Archives  
  123  8:14  Zealot x4  
  123  8:15  Zealot x2, Warp Prism (Chrono Boost)  
  137  8:20  Probe  
  137  8:21  Pylon, Probe  
  137  8:22  Probe  
  137  8:26  High Templar x2  
  143  8:29  Blink  
  143  8:32  Archon  
  143  8:33  Forge  
  143  8:36  Protoss Ground Weapons Level 2 (Chrono Boost), Probe x3  
  143  8:40  Pylon  
  143  8:41  Pylon  
  146  8:43  High Templar x2, Zealot x2  
  146  8:44  Zealot  
  146  8:47  Archon  
  146  8:48  Probe  
  157  8:56  Pylon  
  157  8:57  Disruptor  
  157  8:59  Pylon  
  161  9:07  Photon Cannon  
  161  9:08  Photon Cannon  
  161  9:10  Photon Cannon, Probe x2  
  161  9:13  Photon Cannon  
  161  9:14  Observer  
  163  9:18  Zealot x3  
  163  9:19  Zealot x3  
  163  9:22  Zealot  
  177  9:29  Protoss Ground Armor Level 1 (Chrono Boost)  
  177  9:33  Disruptor (Chrono Boost)  
  181  9:47  Gateway  
  181  9:48  Gateway  
  181  9:51  Nexus  
  181  9:52  Pylon  
  181  9:54  Gateway  
  179  10:00  Pylon  
  179  10:05  Gateway  
  179  10:06  Pylon  
  179  10:13  Pylon  
  179  10:15  Robotics Facility  
  179  10:16  Robotics Facility, Disruptor (Chrono Boost)  
  179  10:17  Pylon  
  179  10:18  Pylon  
  181  10:47  Zealot x9  
  173  10:50  Disruptor  
  153  11:19  Zealot x3  
  153  11:20  Zealot x9  
  153  11:23  Probe x3  
  153  11:24  Probe  
  161  11:45  Zealot x12